 Dungeon Crawl Stone Soup version 0.31.0-12-g77e489cdc1 (webtiles) character file.

Game seed: 6724505585973832805

58 Arctor the Firebug (level 3, -1/19 HPs)
             Began as a Deep Elf Fire Elementalist on Feb 21, 2024.
             Incinerated by a bombardier beetle (5 damage)
             ... with a burning spray
             ... on level 3 of the Dungeon.
             The game lasted 00:01:04 (2893 turns).

Arctor the Firebug (Deep Elf Fire Elementalist)     Turns: 2893, Time: 00:01:04

Health: -1/19      AC:  2    Str:  5    XL:     3   Next: 75%
Magic:  3/10       EV: 13    Int: 21    God:
Gold:   105        SH:  0    Dex: 15    Spells: 4/9 levels left

rFire   . . .        (no weapon)
rCold   . . .        (no shield)
rNeg    . . .        a - +0 robe
rPois   .            (no helmet)
rElec   .            (no cloak)
rCorr   .            (no gloves)
SInv    .            (no boots)
Will    .....        (no amulet)
Stlth   +            (no ring)
HPRegen 0.23/turn    (no ring)
MPRegen 0.12/turn

%: no passive effects
@: on fire, glowing
A: no striking features
a: no special abilities


You were on level 3 of the Dungeon.
You visited 1 branch of the dungeon, and saw 3 of its levels.

You collected 105 gold pieces.

Inventory:

Armour
 a - a +0 robe (worn)
Jewellery
 j - a +5 ring of evasion
Scrolls
 c - a scroll of fear {unknown}
 d - a scroll of enchant armour {unknown}
 e - 3 scrolls of identify {unknown}
 g - a scroll of revelation {unknown}
 i - a scroll of poison {unknown}
Potions
 b - a potion of magic
 f - a potion of lignification {unknown}
 h - 3 potions of heal wounds {unknown}


   Skills:
 + Level 3.1 Dodging
 + Level 3.2 Stealth
 + Level 3.6 Spellcasting
 + Level 2.0 Conjurations
 + Level 3.7 Fire Magic


You had 4 spell levels left.
You knew the following spells:

 Your Spells              Type           Power      Damage    Failure   Level
a - Foxfire               Conj/Fire      60%        2x1d7     3%          1
b - Scorch                Fire           38%        2d6       4%          2
c - Searing Ray           Conj           24%        2d5       9%          2

Your spell library contained the following spells:

 Spells                   Type           Power      Damage    Failure   Level
 Magic Dart               Conj           48%        1d5       5%          1
 Inner Flame              Hex/Fire       11%        N/A       17%         3
 Volatile Blastmotes      Fire/Tloc      22%        2d11      17%         3
 Flame Wave               Conj/Fire      15%        2d7       36%         4
 Sticky Flame             Fire/Alch      11%        2d5       50%         4
 Fulminant Prism          Conj/Alch      4%         3d5       63%         4


Dungeon Overview and Level Annotations

Branches:
Dungeon (3/15)

Altars:


Message History

You conjure some foxfire!
The adder hisses angrily.
You conjure some foxfire!
The foxfire hits the adder.
The adder is heavily wounded.
You conjure some foxfire!
The foxfire hits the adder.
You kill the adder!
Your Conjurations skill increases to level 2!
A bombardier beetle comes into view.
You conjure some foxfire!
The foxfire hits the bombardier beetle.
The bombardier beetle is lightly wounded.
The foxfire hits the bombardier beetle.
The bombardier beetle is heavily wounded.
The foxfire hits the bombardier beetle.
The bombardier beetle is severely wounded.
You conjure some foxfire!
The foxfire hits the bombardier beetle but does no damage.
The bombardier beetle is severely wounded.
A bombardier beetle is nearby!
A bombardier beetle is nearby!
The bombardier beetle sprays incendiary fluid at you.
The burning spray hits you.
You are covered in liquid fire!
You conjure some foxfire!
The liquid fire burns you! The liquid fire burns you!
The foxfire hits the bombardier beetle but does no damage.
The bombardier beetle is severely wounded.
The foxfire hits the bombardier beetle but does no damage.
The bombardier beetle is severely wounded.
You are on fire!
You conjure some foxfire!
The liquid fire burns you! The liquid fire burns you!
* * * LOW HITPOINT WARNING * * *
The foxfire hits the bombardier beetle.
The bombardier beetle is almost dead.
You are too injured to fight recklessly!
You are on fire!
The liquid fire burns you!
You die...

#. ...
♣.. .†...
#####<#.#
.......##
#.B......
#@#
#v#####
#.)...#
#..#.##
#..# ..
#..# #.#
#..# #
#..# #..#


You could see a bombardier beetle (ally target).

Vanquished Creatures
  2 adders
  A dart slug (D:2)
  A ribbon worm (D:2)
  2 endoplasms (D:1)
  3 giant cockroaches
  3 goblins
  5 hobgoblins
  2 jackals (D:1)
  3 ball pythons
  2 bats (D:1)
  2 frilled lizards
  4 kobolds (D:1)
  4 rats
34 creatures vanquished.

Vanquished Creatures (collateral kills)
  4 foxfires (D:1)
4 creatures vanquished.

Vanquished Creatures (others)
  259 foxfires
259 creatures vanquished.

Grand Total: 297 creatures vanquished

Notes
Turn   | Place    | Note
-------+----------+-------------------------------------------
     0 | D:1      | Arctor the Deep Elf Fire Elementalist began the quest for
                  | the Orb.
     0 | D:1      | Reached XP level 1. HP: 10/10 MP: 6/6
   592 | D:1      | Reached XP level 2. HP: 15/15 MP: 4/8
  1698 | D:1      | Learned a level 2 spell: Scorch
  1701 | D:1      | Learned a level 2 spell: Searing Ray
  1816 | D:2      | Reached XP level 3. HP: 19/19 MP: 5/9
  2306 | D:2      | Found a faded altar of an unknown god.
  2893 | D:3      | Incinerated by a bombardier beetle

Illustrated notes

Levels and vault maps discovered:
D:1:      ldierk_walled_garden, layout_basic
D:2:      layout_basic, shapermc_ecumenical_altar_pompeii
D:3:      layout_basic, mainiacjoe_overflow_boulevard, glass_columns_a,
          nicolae_figureground_sparkle, uniq_sigmund

Skill      XL: |  1  2  3 |
---------------+----------+-----
Stealth        | 3 |  3.2
Dodging        | 3 |  3.1
Conjurations   | 2 |  2.0
Spellcasting   | |  3.6
Fire Magic     | |  3.7

Action                     || total
---------------------------++-------
   Cast: Foxfire           ||   159
 Armour: Robe              ||     4
  Dodge: Dodged            ||    15
